 Dungeon Crawl Stone Soup version 0.20-a0-1126-g0f15420 (webtiles) character file.

81 mopl the Skirmisher (level 4, -5/38 HPs)
             Began as a Demonspawn Wanderer on May 17, 2017.
             Killed from afar by an orc wizard (7 damage)
             ... with a puff of frost
             ... on level 3 of the Dungeon.
             The game lasted 00:02:49 (1588 turns).

mopl the Skirmisher (Demonspawn Wanderer)           Turns: 1588, Time: 00:02:49

Health: -5/38      AC:  9    Str: 14    XL:     4   Next: 20%
Magic:  4/4        EV: 11    Int: 13    God:
Gold:   141        SH:  0    Dex: 12    Spells: 3/3 levels left

rFire    . . .     SeeInvis .   w - +1 dagger (venom)
rCold    . . .     Gourm    .   (no shield)
rNeg     . . .     Faith    .   q - +0 ring mail
rPois    .         Spirit   .   (no helmet)
rElec    .         Reflect  .   t - +1 cloak
rCorr    .         Harm     .   (no gloves)
MR       .....                  (no boots)
Stlth    +.........             (no amulet)
Regen    0.2/turn               (no ring)
MPRegen  0.1/turn               (no ring)

@: no status effects
A: slimy green scales 1, rot immunity
a: no special abilities


You were on level 3 of the Dungeon.
You were not hungry.

You visited 1 branch of the dungeon, and saw 3 of its levels.

You collected 141 gold pieces.

Inventory:

Hand Weapons
 c - a +0 spear
 w - a +1 dagger of venom (weapon)
Armour
 e - a cursed +0 leather armour
 q - a +0 ring mail (worn)
 t - a +1 cloak (worn)
Magical Staves
 s - an uncursed staff of death
Wands
 x - a wand of iceblast (6/15)
Scrolls
 d - 5 scrolls of teleportation
 j - 2 scrolls of remove curse {unknown}
 k - a scroll of recharging {unknown}
 l - 2 scrolls of identify {unknown}
 n - a scroll of blinking {unknown}
 o - a scroll of noise {unknown}
 v - a scroll of amnesia {unknown}
Potions
 b - a potion of haste
 g - a potion of curing {unknown}
 p - a potion of invisibility {unknown}
 u - a potion of cancellation {unknown}
 z - a potion of brilliance {unknown}
Comestibles
 f - 2 bread rations
 i - 2 royal jellies
 m - 5 fruits
 r - a meat ration


   Skills:
 + Level 4.4 Fighting
 - Level 1.0 Throwing
 + Level 2.3 Armour
 + Level 2.3 Dodging
 - Level 1.7 Unarmed Combat
 - Level 1.0 Evocations


You had 3 spell levels left.
You didn't know any spells.

Dungeon Overview and Level Annotations

Branches:
Dungeon (3/15)

Altars:
Dithmenos
Uskayaw
The Shining One


Innate Abilities, Weirdness & Mutations

You are partially covered in slimy green scales. (AC +2)
You are immune to rotting.


Message History

Unknown command.
You barely miss the orc.
The orc is almost dead.
You kill the orc!
You hear some strange, mumbled words.
A puff of flame appears from out of thin air!
The puff of flame hits you!
* * * LOW HITPOINT WARNING * * *
Something barely misses you.
You miss something.
You hear some strange, mumbled words.
A puff of flame appears from out of thin air!
The puff of flame hits you!
* * * LOW HITPOINT WARNING * * *
You closely miss something. Something hits you.
* * * LOW HITPOINT WARNING * * *
You hear some strange, mumbled words.
A puff of frost appears from out of thin air!
The puff of frost hits you!
You die...

#.....# ######'#.# #.....#
########.#.# #.....#
#........#.#
##.....####........#.#
#......o.##........#.#
#........##........#.#
#........##........#.#######+
#........##........#.#.......
########.)'{@......#.#<......
#.##)).....##.#.......
#.##.......##.#.......
#.###########.#....... #.#
#.#######. #.# #.#######. #.#
#......... #.# #......... #.#
#.........


There were no monsters in sight!

Vanquished Creatures
  An orc wizard (D:3)
  2 adders (D:2)
  A worm (D:2)
  A dart slug (D:2)
  4 orcs (D:3)
  4 bats
  2 giant cockroaches
  2 hobgoblins
  4 kobolds
  3 frilled lizards (D:2)
  2 goblins (D:2)
  7 rats
33 creatures vanquished.

Notes
Turn   | Place    | Note
-------+----------+-------------------------------------------
     0 | D:1      | mopl the Demonspawn Wanderer began the quest for the Orb.
     0 | D:1      | mopl set off with: a potion of heal wounds, a potion of haste, a +0 spear, a scroll of teleportation, a +0 robe, a bread ration
     0 | D:1      | Reached XP level 1. HP: 19/19 MP: 1/1
   380 | D:1      | Gained mutation: You are partially covered in slimy green scales. (AC +2) [demonic ancestry]
   380 | D:1      | Reached XP level 2. HP: 25/25 MP: 2/2
   730 | D:2      | Reached skill level 2 in Dodging
   730 | D:2      | Gained mutation: You are immune to rotting. [demonic ancestry]
   730 | D:2      | Reached XP level 3. HP: 9/30 MP: 3/3
  1120 | D:2      | Reached skill level 2 in Armour
  1144 | D:2      | Noticed an enchanted hand axe
  1146 | D:2      | Noticed an enchanted hand axe
  1147 | D:2      | Found a hide-covered altar of Uskayaw.
  1303 | D:2      | Found a glowing golden altar of the Shining One.
  1449 | D:3      | Found a shadowy altar of Dithmenos.
  1573 | D:3      | Reached XP level 4. HP: 7/38 MP: 4/4
  1588 | D:3      | Killed from afar by an orc wizard

Vault maps used:
D:1:      sevenhm_arrival_forest_fort_small_6
D:2:      dancing_weapons_uskayaw, tso_altar
D:3:      lemuel_coloured_pillars_altar

Skill      XL: |  1  2  3 |
---------------+----------+-----
Dodging        | 2 |  2.3
Armour         | 2 |  2.3
Fighting       | |  4.4
Throwing       | |  1.0
Unarmed Combat | |  1.7
Evocations     | |  1.0

Action                   |  1- 3 |  4- 6 || total
-------------------------+-------+-------++-------
Melee: Spear             |   117 |       ||   117
       Dagger            |    31 |    14 ||    45
       Punch             |     1 |       ||     1
  Use: Potion            |       |     1 ||     1
  Eat: Chunk             |     2 |       ||     2
Armor: Robe              |     3 |       ||     3
       Ring mail         |    40 |     9 ||    49
Dodge: Dodged            |    66 |    13 ||    79
